 Dungeon Crawl Stone Soup version 0.31-a0-986-g5e6e4ef867 (webtiles) character file.

Game seed: 14274662655478007520

44 Maxmaps the Covert (level 3, -1/26 HPs)
             Began as an Octopode Delver on Nov 7, 2023.
             Slain by an orc wizard
             ... wielding a +0 dagger
              (3 damage)
             ... on level 3 of the Dungeon.
             The game lasted 00:00:44 (262 turns).

Maxmaps the Covert (Octopode Delver)                 Turns: 262, Time: 00:00:45

Health: -1/26      AC:  1    Str: 13    XL:     3   Next: 62%
Magic:  3/3        EV: 13    Int: 14    God:
Gold:   25         SH:  0    Dex: 13    Spells: 2/2 levels left

rFire   . .          .
                       - Unarmed
rCold   . . .        (no shield)
rNeg    . . .        (helmet restricted)
rPois   .            (no amulet)
rElec   .            f - ring "Saurunol" {rCorr Str+2}
rCorr   +            (no ring)
SInv    .            (no ring)
Will    .....        (no ring)
Stlth   +++          (no ring)
HPRegen 0.24/turn    (no ring)
MPRegen 0.08/turn    (no ring)
                     (no ring)

%: no passive effects
@: confused, hasted, very quick
A: almost no armour, amphibious, 8 rings, camouflage 1, gelatinous body 1,
(nimble swimmer 1), tentacles
a: no special abilities


You were on level 3 of the Dungeon.
You visited 1 branch of the dungeon, and saw 3 of its levels.

You collected 25 gold pieces.

Inventory:

Jewellery
 f - the ring "Saurunol" (left tentacle) {rCorr Str+2}
   (You found it on level 5 of the Dungeon)

   [ring of resist corrosion]

   Str+2:     It affects your strength (+2).
   rCorr:     It protects you from acid and corrosion.
Wands
 e - a wand of digging (3)
Scrolls
 a - a scroll of fog
 b - a scroll of revelation
 c - a scroll of fear


   Skills:
 - Level 3.0 Fighting
 + Level 2.2 Dodging
 - Level 8.1 Stealth
 - Level 2.0 Unarmed Combat


You had 2 spell levels left.
You didn't know any spells.
Your spell library was empty.

Dungeon Overview and Level Annotations

Branches:
Dungeon (5/15)
 Temple: D:4-7

Altars:


Innate Abilities, Weirdness & Mutations

You cannot wear most types of armour.
You are amphibious.
You can wear up to eight rings at the same time.
Your skin changes colour to match your surroundings (Stealth+).
Your rubbery body absorbs attacks. (AC +1, EV +1)
((You are camouflaged when in or above water. (Stealth+)))
You have tentacles for arms and can constrict up to eight enemies at once.


Message History

You squeeze the orc.
You kill the orc!
The orc wizard points at you and mumbles some strange words.
You are confused.
Things that are here:
a +0 flail; a +0 ring mail You barely miss the orc wizard.
The orc wizard gestures at you while chanting.
You are more confused.
You tentacle-slap the orc wizard.
The orc wizard is lightly wounded.
You bump into the rock wall.
The orc wizard hits you with a +0 dagger.
You tentacle-slap the orc wizard but do no damage.
Your squeeze misses the orc wizard.
The orc wizard is lightly wounded.
The orc wizard hits you with a +0 dagger.
* * * LOW HITPOINT WARNING * * *
You bump into the rock wall.
You bump into the rock wall.
The orc wizard gestures at you while chanting.
You are more confused.
You bump into the rock wall.
The orc wizard hits you but does no damage.
You miss the orc wizard. Your squeeze misses the orc wizard.
The orc wizard is lightly wounded.
You bump into the rock wall.
The orc wizard casts a spell at you.
You are more confused.
You bump into the rock wall.
The orc wizard hits you with a +0 dagger.
* * * LOW HITPOINT WARNING * * *
You bump into the rock wall.
You miss the orc wizard.
The orc wizard is lightly wounded.
The orc wizard mumbles some strange words.
The orc wizard flickers and vanishes!
Deactivating autopickup; reactivate with Ctrl-A.
You bump into the rock wall.
Something hits you.
You die...

#.#####..########
#.# #..# #.# #..#
#.# #..# #.# #..#
#.# #... #.# ##..
#.# #@# #######{#
#.....oo#
#....†.o#
..........#
###.......#
#.#####.# # #.#
..#


You could see 3 orcs.

Vanquished Creatures
  A hound (D:4)
  An adder (D:4)
  2 orcs
  A ball python (D:3)
  A bat (D:3)
  A frilled lizard (D:3)
7 creatures vanquished.

Notes
Turn   | Place    | Note
-------+----------+-------------------------------------------
     0 | D:5      | Maxmaps the Octopode Delver began the quest for the Orb.
     0 | D:5      | Reached XP level 1. HP: 16/16 MP: 1/1
    21 | D:5      | Identified the ring "Saurunol" {rCorr Str+2}
    33 | D:5      | Noticed an iguana
    54 | D:4      | Noticed a hound
    63 | D:4      | Killed a hound
    64 | D:4      | Reached skill level 7 in Stealth
    64 | D:4      | Reached XP level 2. HP: 15/21 MP: 2/2
    64 | D:4      | Reached XP level 3. HP: 19/26 MP: 3/3
    68 | D:4      | Reached skill level 8 in Stealth
   183 | D:4      | Noticed an ogre
   259 | D:3      | HP: 1/26 [orc wizard/+0 dagger (4)]
   262 | D:3      | Slain by an orc wizard

Illustrated notes

Levels and vault maps discovered:
D:3:      layout_basic, palyth_stone_intersect, interstate_on_off, uniq_jessica,
          uniq_natasha, uniq_grinder
D:4:      layout_basic, columned_hall_lemuel, uniq_edmund
D:5:      layout_loops_cross, nicolae_qazlal_eye_of_the_storm,
          minmay_temple_entry_ruins, kennysheep_opposing_triangles

Skill      XL: |  1  2  3 |
---------------+----------+-----
Stealth        | 7 8 |  8.1
Fighting       | |  3.0
Dodging        | |  2.2
Unarmed Combat | |  2.0

Action                     || total
---------------------------++-------
  Melee: Unarmed           ||    32
         Constrict         ||     5
         Tentacles         ||     4
         Punch             ||     2
    Use: Scroll            ||     1
         Potion            ||     1
   Stab: Sleeping          ||     2
 Armour: Skin              ||    24
  Dodge: Dodged            ||    22

Table legend: (Time is in decaauts)
 A = Elapsed time spent in this place.
 B = Non-inter-level travel time spent in this place.
 C = Inter-level travel time spent in this place.
 D = Time resting spent in this place.
 E = Time spent auto-exploring this place.
 F = Levels seen in this place.
 G = Mean time per level.
                   A        B        C        D        E       F      G
               +--------+--------+--------+--------+--------+-----+--------+
         Total |    254 |    254 |      0 |     58 |     98 |   3 |   84.7 |
       Dungeon |    254 |    254 |      0 |     58 |     98 |   3 |   84.7 |
               +--------+--------+--------+--------+--------+-----+--------+

Top non-repeatable levels by time:
     D:4: 151 daAuts
     D:3: 66 daAuts
     D:5: 36 daAuts
